 Dungeon Crawl Stone Soup version 0.31-a0-232-gb1c03b2570 (webtiles) character file.

Game seed: 18330242371242667933

177452 qw the Crack Shot (level 18, -24/121 HPs)
             Began as a Gargoyle Hexslinger on July 7, 2023.
             Was an Elder of Okawaru.
             Blown up by an orb spider (57 damage)
             ... with an orb of destruction
             ... on level 1 of the Spider Nest.
             The game lasted 00:15:17 (24381 turns).

qw the Crack Shot (Gargoyle Hexslinger)            Turns: 24381, Time: 00:15:18

Health: -24/121    AC: 33    Str: 10 (12) XL:     18   Next: 16%
Magic:  25/25      EV: 28    Int: 12      God:    Okawaru [****..]
Gold:   424        SH:  0    Dex: 34 (36) Spells: 18/19 levels left

rFire   + + .        Y - +2 triple crossbow (freeze)
rCold   + + +        (shield currently unavailable)
rNeg    + . .        x - +1 ring mail "Kufimmilol" {rF+ Int-4 Dex+8}
rPois   inf          c - +2 helmet
rElec   +            k - scarf {rC+ rF+}
rCorr   .            l - +2 pair of gloves
SInv    .            o - +1 pair of boots
Will    +....        y - amulet of faith
Stlth   ++++         t - ring "Mynyar" {Wiz rC+ Dex+4 Stlth+}
HPRegen 0.40/turn    r - +6 ring of dexterity
MPRegen 0.19/turn

%: faith, wizardry (x1)
@: heroic, flying
A: sickness immunity, AC +13, big wings, negative energy resistance 1,
electricity resistance, torment resistance 1, petrification resistance, cold
resistance 1, evolution 1
a: Renounce Religion, Heroism, Finesse


You were on level 1 of the Spider Nest.
You worshipped Okawaru.
Okawaru was greatly pleased with you.
You visited 6 branches of the dungeon, and saw 27 of its levels.
You visited the Abyss 2 times.

You collected 2708 gold pieces.
You spent 2284 gold pieces at shops.


Innate Abilities, Weirdness & Mutations

You are immune to sickness and miasma.
Your stone body is resilient. (AC +13)
You are immune to poison.
Your large and strong wings let you fly.
You resist negative energy. (rN+)
You are resistant to electric shocks. (rElec)
You are resistant to unholy torment.
You are immune to petrification.
Your flesh is cold resistant. (rC+)
You have hidden genetic potential.


   Skills:
 + Level 16.3(21.3) Fighting
 - Level 22.0(27) Ranged Weapons
 - Level 10.0(15.0) Armour
 - Level 11.7(16.7) Dodging
 - Level 1.0 Spellcasting
 - Level 2.6 Hexes
 - Level 10.0 Invocations


You had 18 spell levels left.
You knew the following spells:

 Your Spells              Type           Power      Damage    Failure   Level
a - Slow                  Hex            28%        N/A       8%          1

Your spell library contained the following spells:

 Spells                   Type           Power      Damage    Failure   Level
 Inner Flame              Hex/Fire       3%         N/A       36%         3
 Portal Projectile        Hex/Tloc       6%         N/A       36%         3
 Cause Fear               Hex            3%         N/A       56%         4

Inventory:

Hand Weapons
 Y - a +2 triple crossbow of freezing (weapon)
Armour
 c - a +2 helmet (worn)
 k - a scarf of resistance (worn)
 l - a +2 pair of gloves (worn)
 o - a +1 pair of boots (worn)
 p - a +0 cloak
 x - the +1 ring mail "Kufimmilol" (worn) {rF+ Int-4 Dex+8}
   (You bought it in a shop on level 2 of the Orcish Mines)

   Int:       It affects your intelligence (-4).
   Dex:       It affects your dexterity (+8).
   rF:        It protects you from fire.
Jewellery
 n - a ring of fire
 r - a +6 ring of dexterity (right hand)
 t - the ring "Mynyar" (left hand) {Wiz rC+ Dex+4 Stlth+}
   (You found it on level 7 of the Dungeon)

   [ring of wizardry]

   It improves your spell success rate.
   Dex:       It affects your dexterity (+4).
   rC:        It protects you from cold.
   Stlth:     It makes you more stealthy.
 y - an amulet of faith (around neck)
 z - an amulet of reflection
Wands
 b - a wand of digging (13)
Scrolls
 f - 18 scrolls of identify
 u - 7 scrolls of teleportation
Potions
 d - 8 potions of curing
 e - 2 potions of might
 g - 5 potions of mutation
 h - 5 potions of cancellation
 i - 2 potions of resistance
 j - 6 potions of heal wounds
 m - 11 potions of enlightenment
 q - 3 potions of haste

Dungeon Overview and Level Annotations

Branches:
Dungeon (15/15)            Temple (1/1) D:6            Lair (5/5) D:10
 Shoals (3/4) Lair:3       Spider (1/4) Lair:2        Slime (0/5) Lair:5
    Orc (2/2) D:10            Elf (0/3) Orc:2        Vaults (0/5) D:13
 Depths (0/4) D:15

Altars:
Ashenzari
Cheibriados
Dithmenos
Elyvilon
Fedhas
Gozag
Hepliaklqana
Kikubaaqudgha
Makhleb
Nemelex Xobeh
Okawaru
Qazlal
Ru
Sif Muna
Trog
Uskayaw
Vehumet
Wu Jian
Xom
Yredelemnul
Zin
The Shining One

Shops:
D:5 *=   D:8 *   D:11 [   D:12 (   Orc:1 (   Orc:2 [*=*   Shoals:2 :

Portals:
Abyss: D:6
Pandemonium: Orc:2

Annotations:
D:3 1 runed translucent door, qw's ghost, weakling GrFi
D:6 2 transporters, qw's ghost, amateur GrFi
Lair:1 3 runed translucent doors, qw's ghost, journeyman GrHs


Message History

You shoot a bolt. The bolt hits the jumping spider!!!
The bolt freezes the jumping spider.
You kill the jumping spider!
Okawaru accepts your kill.
The orb spider weaves a glowing orb of energy.
The orb of destruction hits a rock wall.
You shoot a bolt. The bolt hits the steelbarb worm!!!!
The bolt freezes the steelbarb worm!
You kill the steelbarb worm!
Okawaru accepts your kill.
The orb spider weaves a glowing orb of energy.
The orb spider spins a strand of pure energy. x2
An orb of destruction comes into view.
You shoot a bolt. The bolt hits the tarantella!!!
The bolt freezes the tarantella!
You kill the tarantella!
Okawaru accepts your kill.
A demonic crawler comes into view.
The culicivora bites you.
You shoot a bolt. The bolt misses the culicivora.
The demonic crawler gives a hideous shriek!
The orb of destruction hits you!!
The orb spider pulsates with a strange energy.
The culicivora misses you.
You shoot a bolt. The bolt closely misses the culicivora.
The culicivora bites you! The culicivora closely misses you.
You shoot a bolt. The bolt barely misses the culicivora.
The culicivora completely misses you.
The orb spider weaves a glowing orb of energy.
An orb of destruction comes into view.
You shoot a bolt. The bolt hits the culicivora!!
The bolt freezes the culicivora.
The culicivora is almost dead.
The culicivora completely misses you.
The orb spider weaves a glowing orb of energy.
The orb of destruction hits a rock wall.
The culicivora bites you but does no damage.
You shoot a bolt. The bolt misses the culicivora.
The orb of destruction hits you!!!
You die...

.. ...... ...
#.#.....
...##..#..)#
......[.....# #
.#...#s..s.###..
......s...0.....^
...#....s0s....#
#......0#@.....#
.......s...#....#
..#..#.....#...#
# ##......#.##
#~#
#...%.#....##~~~
#..........#~~~~
#.%........~~~~#
#..#.#%.#~~~~~#
####....~~~~~~#


You could see a demonic crawler, 4 orb spiders and a culicivora.

Vanquished Creatures
  A bone dragon (Abyss:1)
  A hellephant (Abyss:2)
  A shard shrike zombie (Abyss:2)
  Asterion (Spider:1)
  3 tentacled starspawn (Abyss:2)
  Ilsuiw (Shoals:2)
  A fenstrider witch (Shoals:2)
  A balrug (Abyss:2)
  A ghost moth (Spider:1)
  A broodmother (Spider:1)
  An ironbound preserver (D:13)
  A reaper (Abyss:1)
  4 starflowers (Abyss:2)
  Josephine (D:11)
  An ettin (D:15)
  4 merfolk impalers
  3 hydras
  2 entropy weavers (Spider:1)
  Fannar (D:11)
  2 ice dragons (Shoals:3)
  2 rakshasas (Abyss:2)
  3 catoblepae (Lair:5)
  Erolcha (D:11)
  An ogre mage (D:15)
  11 centaur warriors
  7 boulder beetles
  2 demonspawn (Orc:2)
  4 merfolk avatars
  A death knight (D:15)
  10 two-headed ogres
  A deep troll shaman (Lair:5)
  A satyr (Shoals:3)
  2 demonic crawlers (Spider:1)
  9 death yaks
  4 orc high priests (Orc:2)
  2 thrashing horrors (Abyss:1)
  2 hell knights
  Nergalle (Lair:1)
  3 tengu warriors (D:15)
  A pharaoh ant (Spider:1)
  3 wretched stars
  2 shadow wraiths
  7 sea snakes
  3 sun demons (Abyss:2)
  A flayed ghost (D:10)
  4 skysharks
  22 harpies
  A steelbarb worm (Spider:1)
  2 wizards (D:15)
  7 orc knights
  Pikel (D:5)
  A phantasmal warrior (Abyss:2)
  A deep elf pyromancer (D:15)
  An oklob plant (Lair:1)
  3 wolf spiders (Spider:1)
  8 orc sorcerers (Orc:2)
  6 cyclopes
  10 manticores
  6 fauns
  11 ugly things
  An apocalypse crab (Abyss:2)
  15 elephants
  A moth of wrath (Spider:1)
  5 merfolk sirens
  A rust devil (Orc:2)
  A water nymph (Shoals:3)
  A black mamba (shapeshifter) (D:13)
  Joseph (D:9)
  A smoke demon (Abyss:2)
  2 torpor snails
  6 black mambas
  2 guardian serpents
  An orange demon (Orc:2)
  13 cane toads
  An unseen horror (D:12)
  3 kobold demonologists
  8 komodo dragons
  3 rime drakes
  An efreet (Abyss:2)
  Psyche (D:8)
  2 freezing wraiths
  An ice devil (Orc:2)
  A red devil (Orc:2)
  An ancient zyme (Abyss:1)
  A queen bee (D:10)
  10 merfolk
  3 polar bears
  5 wind drakes
  A hellwing (Orc:2)
  4 trolls
  Grinder (D:6)
  5 tarantellas (Spider:1)
  9 raiju
  6 snapping turtles
  9 dream sheep
  6 slime creatures (D:12)
  3 vampires
  Sigmund (D:5)
  A shapeshifter (D:10)
  A water elemental (Shoals:2)
  6 jumping spiders (Spider:1)
  A ynoxinul (Abyss:2)
  4 culicivoras (Spider:1)
  A spriggan (D:8)
  65 yaks
  6 wraiths
  Eustachio (D:5)
  7 basilisks
  7 wyverns
  6 large abominations (Abyss:2)
  A steam dragon (D:9)
  8 redbacks (Spider:1)
  3 neqoxecs
  10 vampire mosquitoes
  2 acid dragons
  18 water moccasins
  Duvessa (D:5)
  7 black bears
  32 orc warriors
  2 ice beasts
  A sky beast (D:7)
  4 ogres
  12 wolves
  9 centaurs
  9 starcursed masses
  A phantom (D:5)
  5 kobold brigands
  16 bullfrogs
  A cane toad simulacrum (D:12)
  2 gnoll sergeants
  9 scorpions
  2 two-headed ogre simulacra (D:12)
  18 wights (D:8)
  Dowan (D:5)
  39 killer bees
  3 electric eels
  4 howler monkeys
  6 small abominations
  A gnoll bouda (D:6)
  26 orc priests
  5 hounds
  9 jellies
  3 sleepcaps
  A scorpion zombie (D:5)
  5 iguanas
  26 orc wizards
  A spriggan simulacrum (D:12)
  A hound zombie (D:5)
  14 gnolls
  4 naga simulacra (D:12)
  5 adders
  2 shadow imps
  2 white imps (Abyss:2)
  4 ufetubi
  2 worms (Lair:2)
  5 dart slugs
  63 orcs
  4 bats (D:1)
  23 endoplasms
  4 giant cockroaches
  3 hobgoblins
  4 jackals (D:2)
  4 quokkas
  5 ball pythons
  9 frilled lizards
  7 goblins
  24 kobolds
  4 rats
  2 starspawn tentacles (Abyss:2)
941 creatures vanquished.

Vanquished Creatures (others)
  A guardian serpent (D:15)
  A tarantella (Spider:1)
  A large abomination (Abyss:2)
  An orc warrior (Orc:2)
  Ijyb (D:5)
  5 starspawn tentacles (Abyss:2)
10 creatures vanquished.

Grand Total: 951 creatures vanquished

Notes
Turn   | Place    | Note
-------+----------+-------------------------------------------
     0 | D:1      | qw the Gargoyle Hexslinger began the quest for the Orb.
     0 | D:1      | Reached XP level 1. HP: 12/12 MP: 2/2
     0 | D:1      | 0 ||| qw: Version: 0.3-a-46-gb1f654a
     0 | D:1      | 0 ||| qw: Game counter: 2852
     0 | D:1      | 0 ||| qw: Melee chars always use a shield: true
     0 | D:1      | 0 ||| qw: God list: Okawaru
     0 | D:1      | 0 ||| qw: Allow faded altars: false
     0 | D:1      | 0 ||| qw: Do Orc after clearing Dungeon:15 true
     0 | D:1      | 0 ||| qw: Do second Lair branch before Depths: true
     0 | D:1      | 0 ||| qw: Lair rune preference: random
     0 | D:1      | 0 ||| qw: Goals: Normal
     0 | D:1      | 0 ||| PLANNING D:1-11
    71 | D:1      | Reached XP level 2. HP: 16/16 MP: 3/3
    79 | D:1      | Reached skill level 3 in Ranged Weapons
   114 | D:1      | Reached XP level 3. HP: 15/21 MP: 4/4
   377 | D:1      | 377 ||| UPGRADING to +0 ring mail.
   387 | D:1      | 387 ||| DROPPING +0 robe.
   388 | D:1      | 388 ||| READING scroll labelled KOIFIAPT WITI.
   389 | D:1      | 389 ||| READING scroll labelled LAXKUGRAORGH.
   390 | D:1      | 390 ||| READING scroll labelled MINUIGG BOSEGH.
   391 | D:1      | 391 ||| READING scroll labelled WIPIXE DUW.
   396 | D:1      | 396 ||| READING scroll labelled AFIPLI RAIRI.
   396 | D:1      | Identified a scroll of acquirement
   396 | D:1      | 396 ||| ACQUIRING amulet "Itar" {Spirit rElec rPois Regen+}
   396 | D:1      | Acquired the amulet "Itar" {Spirit rElec rPois Regen+}
   398 | D:1      | 398 ||| UPGRADING to amulet "Itar" {Spirit rElec rPois
                  | Regen+}.
   403 | D:1      | 403 ||| DRINKING 3 black potions.
   404 | D:1      | 404 ||| DROPPING scroll of poison.
   585 | D:2      | Reached XP level 4. HP: 26/26 MP: 5/5
   892 | D:2      | Found a faded altar of an unknown god.
   998 | D:2      | Reached skill level 4 in Ranged Weapons
  1285 | D:2      | 1285 ||| READING scroll labelled SEGAER TOWOS.
  1286 | D:2      | 1286 ||| READING scroll labelled ZIEDUO QEPN.
  1287 | D:2      | 1287 ||| READING scroll labelled UDDYGYB APLINILE.
  1288 | D:2      | 1288 ||| READING scroll labelled TYCRIN JUONEKEA.
  1289 | D:2      | 1289 ||| READING 2 scrolls of identify.
  1289 | D:2      | 1289 ||| IDENTIFYING silvery potion
  1290 | D:2      | 1290 ||| DROPPING potion of magic.
  1321 | D:3      | Found a runed translucent door.
  1321 | D:3      | Noticed qw's ghost (weakling GrFi)
  1354 | D:3      | Found a snail-covered altar of Cheibriados.
  1440 | D:3      | Reached skill level 1 in Armour
  1833 | D:3      | 1833 ||| READING scroll labelled FEANAE LOPH.
  1834 | D:3      | 1834 ||| DRINKING 2 golden potions.
  1885 | D:4      | 1885 ||| STAIRDANCE
  1891 | D:3      | Reached XP level 5. HP: 26/30 MP: 3/6
  1940 | D:4      | 1940 ||| STAIRDANCE
  1948 | D:3      | Reached skill level 5 in Ranged Weapons
  2045 | D:4      | HP: 6/30 [sleepcap (6)]
  2046 | D:4      | 2046 ||| READING scroll of teleportation.
  2068 | D:4      | Reached skill level 3 in Fighting
  2180 | D:4      | Reached XP level 6. HP: 37/37 MP: 7/7
  2188 | D:4      | Identified the +1 dagger of Symmetry {flame, *Slow Str+7}
  2372 | D:4      | You fall into a shaft and drop 3 floors!
  2373 | D:7      | 2373 ||| UPGRADING to +2 helmet.
  2378 | D:7      | 2378 ||| READING scroll labelled YNEATH GICWU.
  2379 | D:7      | 2379 ||| READING 4 scrolls of identify.
  2379 | D:7      | 2379 ||| IDENTIFYING red potion
  2380 | D:7      | 2380 ||| READING 3 scrolls of identify.
  2380 | D:7      | 2380 ||| IDENTIFYING yellow potion
  2381 | D:7      | 2381 ||| READING 2 scrolls of identify.
  2381 | D:7      | 2381 ||| IDENTIFYING bubbling white potion
  2390 | D:6      | 2390 ||| FLEEEEING.
  2391 | D:6      | 2391 ||| STAIRDANCE
  2392 | D:5      | Entered Level 5 of the Dungeon
  2392 | D:5      | Noticed Eustachio
  2447 | D:5      | Killed Eustachio
  2448 | D:5      | Reached skill level 6 in Ranged Weapons
  2448 | D:5      | Reached XP level 7. HP: 19/41 MP: 1/8
  2528 | D:5      | Noticed Sigmund
  2534 | D:5      | 2534 ||| DRINKING 4 potions of curing.
  2534 | D:5      | 2534 ||| (to cure confusion)
  2539 | D:5      | Killed Sigmund
  2551 | D:5      | Noticed Duvessa
  2557 | D:5      | Noticed Dowan
  2560 | D:5      | Killed Duvessa
  2561 | D:5      | Reached skill level 7 in Ranged Weapons
  2577 | D:5      | Killed Dowan
  2629 | D:5      | Found Gowuas's Serpentskin Sales.
  2652 | D:5      | Reached XP level 8. HP: 48/48 MP: 6/9
  2820 | D:5      | Reached skill level 8 in Ranged Weapons
  2833 | D:5      | 2833 ||| STAIRDANCE
  2849 | D:5      | 2849 ||| STAIRDANCE
  2871 | D:5      | 2871 ||| STAIRDANCE
  2892 | D:5      | Found a hazy altar of Hepliaklqana.
  2950 | D:5      | Found Feunotal's One-of-a-Kind Rings.
  2957 | D:5      | 2957 ||| BUYING +2 ring of slaying (273 gold).
  2957 | D:5      | Bought a +2 ring of slaying for 273 gold pieces
  2957 | D:5      | 2957 ||| SHOPLISTING +3 ring of strength (130 gold, have
                  | 16).
  2957 | D:5      | 2957 ||| SHOPLISTING +9 ring of slaying (2934 gold, have
                  | 16).
  2957 | D:5      | 2957 ||| SHOPLISTING +9 ring of strength (1014 gold, have
                  | 16).
  2957 | D:5      | 2957 ||| SHOPLISTING ring of Erphuikk {Ice Contam Fly rElec
                  | Stlth+} (497 gold, have 16).
  2957 | D:5      | 2957 ||| SHOPLISTING ring of Qory {rN+ rCorr MP+9 SInv}
                  | (533 gold, have 16).
  2957 | D:5      | 2957 ||| SWAPPING to +0 orcbow.
  2958 | D:5      | 2958 ||| DROPPING +2 sling of freezing.
  3042 | D:5      | Found a basalt altar of Yredelemnul.
  3097 | D:5      | Noticed Pikel
  3120 | D:5      | HP: 8/49 [lemure[Pikel] (5)]
  3121 | D:5      | 3121 ||| DRINKING potion of heal wounds.
  3123 | D:5      | Killed Pikel
  3124 | D:5      | Reached skill level 10 in Ranged Weapons
  3195 | D:5      | Found a stormy altar of Qazlal.
  3195 | D:5      | Found an opulent altar of Gozag.
  3195 | D:5      | Noticed Ijyb
  3204 | D:5      | Killed Ijyb
  3206 | D:5      | 3206 ||| FLEEEEING.
  3207 | D:5      | 3207 ||| FLEEEEING.
  3209 | D:5      | 3209 ||| FLEEEEING.
  3210 | D:5      | 3210 ||| FLEEEEING.
  3211 | D:5      | 3211 ||| FLEEEEING.
  3214 | D:5      | 3214 ||| FLEEEEING.
  3215 | D:5      | 3215 ||| STAIRDANCE
  3271 | D:4      | 3271 ||| UPGRADING to +2 robe of cold resistance.
  3281 | D:4      | 3281 ||| UPGRADING to +0 pair of gloves.
  3286 | D:4      | 3286 ||| DROPPING +0 ring mail.
  3287 | D:4      | 3287 ||| UPGRADING to +2 ring of slaying {mikee}.
  3320 | D:5      | Reached XP level 9. HP: 54/54 MP: 10/10
  3430 | D:5      | Reached skill level 6 in Fighting
  3593 | D:6      | Found a transporter.
  3627 | D:6      | Found a one-way gate to the infinite horrors of the Abyss.
  3627 | D:6      | Noticed qw's ghost (amateur GrFi)
  3730 | D:6      | Found a staircase to the Ecumenical Temple.
  3731 | D:6      | 3731 ||| PLANNING TEMPLE
  3749 | Temple   | Entered the Ecumenical Temple
  3772 | Temple   | 3772 ||| PLANNING OKAWARU WORSHIP
  3932 | Temple   | Became a worshipper of Warmaster Okawaru
  3933 | Temple   | 3933 ||| PLANNING D:1-11
  3957 | D:6      | Found a transporter.
  3972 | D:6      | Reached skill level 3 in Dodging
  4003 | D:6      | Noticed Grinder
  4018 | D:6      | Killed Grinder
  4018 | D:6      | Reached * piety under Okawaru
  4019 | D:6      | 4019 ||| INVOKING Heroism.
  4106 | D:6      | 4106 ||| INVOKING Heroism.
  4257 | D:6      | Noticed a rakshasa
  4304 | D:6      | 4304 ||| DROPPING +6 ring of intelligence.
  4305 | D:6      | 4305 ||| DRINKING 3 purple potions.
  4306 | D:6      | 4306 ||| DRINKING 3 potions of curing.
  4306 | D:6      | 4306 ||| (to cure confusion)
  4307 | D:6      | 4307 ||| DRINKING 2 orange potions.
  4308 | D:6      | 4308 ||| DROPPING 2 potions of ambrosia.
  4335 | D:7      | Noticed a two-headed ogre
  4336 | D:7      | 4336 ||| INVOKING Heroism.
  4337 | D:7      | 4337 ||| INVOKING Heroism.
  4348 | D:7      | Killed a two-headed ogre
  4349 | D:7      | Reached skill level 11 in Ranged Weapons
  4349 | D:7      | Reached XP level 10. HP: 37/63 MP: 5/11
  4352 | D:7      | Reached skill level 1 in Invocations
  4352 | D:7      | 4352 ||| INVOKING Heroism.
  4783 | D:7      | Identified the ring "Mynyar" {Wiz rC+ Dex+4 Stlth+}
  5010 | D:7      | 5010 ||| UPGRADING to +6 ring of dexterity.
  5011 | D:7      | 5011 ||| UPGRADING to ring "Mynyar" {Wiz rC+ Dex+4 Stlth+}.
  5013 | D:7      | 5013 ||| DROPPING +2 ring of slaying {mikee}.
  5014 | D:7      | 5014 ||| READING scroll labelled ANGUIDA ILANGAA.
  5030 | D:7      | 5030 ||| READING scroll labelled TUOH BOUVE.
  5031 | D:7      | 5031 ||| DRINKING 2 fuming purple potions.
  5067 | D:7      | 5067 ||| DRINKING 2 murky coppery potions.
  5068 | D:7      | 5068 ||| READING 2 scrolls of identify.
  5068 | D:7      | 5068 ||| IDENTIFYING blue potion
  5069 | D:7      | 5069 ||| DROPPING potion of degeneration.
  5070 | D:7      | 5070 ||| DROPPING potion of lignification.
  5109 | D:8      | 5109 ||| STAIRDANCE
  5145 | D:8      | Found Nyoqa's Assorted Antiques.
  5155 | D:8      | Reached skill level 3 in Invocations
  5175 | D:8      | 5175 ||| SHOPLISTING pair of runed boots (262 gold, have
                  | 197).
  5175 | D:8      | 5175 ||| BUYING scroll of identify (70 gold).
  5175 | D:8      | Bought a scroll of identify for 70 gold pieces
  5175 | D:8      | 5175 ||| BUYING scroll of identify (70 gold).
  5175 | D:8      | Bought a scroll of identify for 70 gold pieces
  5175 | D:8      | 5175 ||| BUYING sedimented emerald potion (31 gold).
  5175 | D:8      | Bought a sedimented emerald potion for 31 gold pieces
  5201 | D:8      | Noticed Psyche
  5202 | D:8      | 5202 ||| INVOKING Heroism.
  5217 | D:8      | Killed Psyche
  5242 | D:8      | 5242 ||| FLEEEEING.
  5244 | D:8      | 5244 ||| FLEEEEING.
  5247 | D:8      | 5247 ||| FLEEEEING.
  5388 | D:8      | Found a radiant altar of Vehumet.
  5431 | D:8      | 5431 ||| Stepping ~*~*~tactically~*~*~ (outnumbered).
  5447 | D:8      | Reached ** piety under Okawaru
  5665 | D:8      | Found a shadowy altar of Dithmenos.
  5666 | D:8      | Found a sacrificial altar of Ru.
  5667 | D:8      | Found a shimmering altar of Xom.
  5668 | D:8      | Found a glowing golden altar of the Shining One.
  5745 | D:8      | 5745 ||| DROPPING +1 helmet.
  5746 | D:8      | 5746 ||| DROPPING +2 hat.
  5747 | D:8      | 5747 ||| DROPPING ring of willpower.
  5748 | D:8      | 5748 ||| READING 4 scrolls of identify.
  5748 | D:8      | 5748 ||| IDENTIFYING sedimented emerald potion
  5749 | D:8      | 5749 ||| READING 3 scrolls of identify.
  5749 | D:8      | 5749 ||| IDENTIFYING murky clear potion
  5750 | D:8      | 5750 ||| DROPPING potion of berserk rage.
  5751 | D:8      | 5751 ||| DROPPING potion of brilliance.
  5808 | D:9      | Reached skill level 12 in Ranged Weapons
  5828 | D:9      | Noticed Joseph
  5838 | D:9      | Killed Joseph
  5951 | D:9      | Reached *** piety under Okawaru
  6006 | D:9      | Reached XP level 11. HP: 67/68 MP: 14/14
  6123 | D:9      | Found a hide-covered altar of Uskayaw.
  6136 | D:9      | 6136 ||| INVOKING Heroism.
  6239 | D:9      | 6239 ||| READING scroll of enchant weapon.
  6239 | D:9      | 6239 ||| ENCHANTING +0 orcbow.
  6273 | D:9      | 6273 ||| INVOKING Heroism.
  6280 | D:9      | Reached skill level 13 in Ranged Weapons
  6280 | D:9      | 6280 ||| Stepping ~*~*~tactically~*~*~ (cloud).
  6395 | D:9      | Identified the +0 fire dragon scales of the Loofah {rPois
                  | rF++ rC- rCorr Str+3 Int-5 Dex+4}
  6566 | D:9      | 6566 ||| DROPPING ring of protection from cold.
  6567 | D:9      | 6567 ||| READING scroll labelled OSAWUF GAIFENN.
  6568 | D:9      | 6568 ||| READING scroll labelled BAOMERIEPSO.
  6591 | D:10     | Entered Level 10 of the Dungeon
  6604 | D:10     | 6604 ||| READING scroll of enchant weapon.
  6604 | D:10     | 6604 ||| ENCHANTING +1 orcbow.
  6757 | D:10     | 6757 ||| INVOKING Heroism.
  6763 | D:10     | Reached skill level 9 in Fighting
  6785 | D:10     | 6785 ||| INVOKING Heroism.
  6786 | D:10     | Noticed a harpy
  6788 | D:10     | 6788 ||| DRINKING 2 potions of curing.
  6788 | D:10     | 6788 ||| (to cure confusion)
  6798 | D:10     | Killed a harpy
  6824 | D:10     | Reached skill level 6 in Dodging
  6826 | D:10     | Identified the +0 robe "Laqyr" {-Tele rPois Slay+5}
  6853 | D:10     | 6853 ||| INVOKING Heroism.
  6870 | D:10     | Reached **** piety under Okawaru
  6892 | D:10     | 6892 ||| FLEEEEING.
  6893 | D:10     | 6893 ||| FLEEEEING.
  6894 | D:10     | 6894 ||| FLEEEEING.
  6895 | D:10     | 6895 ||| FLEEEEING.
  6896 | D:10     | 6896 ||| FLEEEEING.
  6897 | D:10     | 6897 ||| FLEEEEING.
  6898 | D:10     | 6898 ||| FLEEEEING.
  6899 | D:10     | 6899 ||| FLEEEEING.
  6900 | D:10     | 6900 ||| FLEEEEING.
  6901 | D:10     | 6901 ||| FLEEEEING.
  6902 | D:10     | 6902 ||| FLEEEEING.
  6904 | D:10     | 6904 ||| FLEEEEING.
  6906 | D:10     | 6906 ||| FLEEEEING.
  6936 | D:10     | Noticed a manticore
  6937 | D:10     | 6937 ||| INVOKING Heroism.
  6942 | D:10     | Killed a manticore
  7034 | D:10     | 7034 ||| INVOKING Heroism.
  7106 | D:10     | Noticed a two-headed ogre
  7107 | D:10     | 7107 ||| INVOKING Heroism.
  7132 | D:10     | Killed a two-headed ogre
  7158 | D:10     | Reached skill level 14 in Ranged Weapons
  7160 | D:10     | Reached skill level 6 in Invocations
  7194 | D:10     | Noticed a flayed ghost
  7203 | D:10     | Received a gift from Okawaru
  7210 | D:10     | 7210 ||| INVOKING Heroism.
  7212 | D:10     | Killed a flayed ghost
  7213 | D:10     | Reached XP level 12. HP: 56/76 MP: 7/16
  7322 | D:10     | Found a staircase to the Lair.
  7359 | D:10     | Found a staircase to the Orcish Mines.
  7398 | D:10     | 7398 ||| Stepping ~*~*~tactically~*~*~ (outnumbered).
  7419 | D:10     | Received a gift from Okawaru
  8063 | D:10     | 8063 ||| FLEEEEING.
  8064 | D:10     | 8064 ||| FLEEEEING.
  8065 | D:10     | 8065 ||| FLEEEEING.
  8066 | D:10     | 8066 ||| FLEEEEING.
  8067 | D:10     | 8067 ||| FLEEEEING.
  8068 | D:10     | 8068 ||| FLEEEEING.
  8069 | D:10     | 8069 ||| FLEEEEING.
  8070 | D:10     | 8070 ||| FLEEEEING.
  8071 | D:10     | 8071 ||| FLEEEEING.
  8072 | D:10     | 8072 ||| FLEEEEING.
  8073 | D:10     | 8073 ||| FLEEEEING.
  8084 | D:10     | Reached ***** piety under Okawaru
  8129 | D:10     | 8129 ||| PLANNING LAIR
  8129 | D:10     | 8129 ||| DROPPING +0 robe "Laqyr" {-Tele rPois Slay+5}.
  8130 | D:10     | 8130 ||| UPGRADING to +0 troll leather armour.
  8140 | D:10     | 8140 ||| DROPPING +2 robe of cold resistance.
  8141 | D:10     | 8141 ||| DROPPING ring of magical power.
  8172 | Lair:1   | Entered Level 1 of the Lair of Beasts
  8185 | Lair:1   | Noticed Nergalle
  8186 | Lair:1   | 8186 ||| INVOKING Heroism.
  8196 | Lair:1   | Killed Nergalle
  8230 | Lair:1   | 8230 ||| INVOKING Heroism.
  8234 | Lair:1   | Reached skill level 3 in Armour
  8273 | Lair:1   | Received a gift from Okawaru
  8303 | Lair:1   | Found a runed translucent gate.
  8305 | Lair:1   | Found a runed translucent gate.
  8305 | Lair:1   | Found a runed translucent gate.
  8415 | Lair:1   | Noticed qw's ghost (journeyman GrHs)
  8461 | Lair:1   | Noticed a four-headed hydra
  8463 | Lair:1   | 8463 ||| INVOKING Heroism.
  8473 | Lair:1   | Killed a four-headed hydra
  8486 | Lair:1   | Reached skill level 9 in Invocations
  8494 | Lair:1   | 8494 ||| FLEEEEING.
  8664 | Lair:1   | Identified the +2 kite shield "Xice" {rC- Will+ Int+3
                  | Dex+3} (Okawaru gifted it to you on level 1 of the Lair of
                  | Beasts)
  8664 | Lair:1   | Received a gift from Okawaru
  8726 | Lair:1   | 8726 ||| FLEEEEING.
  8728 | Lair:1   | 8728 ||| INVOKING Heroism.
  9004 | Lair:1   | 9004 ||| INVOKING Heroism.
  9005 | Lair:1   | 9005 ||| INVOKING Finesse.
  9026 | Lair:1   | 9026 ||| READING 5 scrolls of identify.
  9026 | Lair:1   | 9026 ||| IDENTIFYING bubbling cyan potion
  9054 | Lair:1   | HP: 19/77 [oklob plant/splash of acid (20)]
  9055 | Lair:1   | 9055 ||| READING 3 scrolls of teleportation.
  9283 | Lair:2   | 9283 ||| INVOKING Heroism.
  9349 | Lair:2   | Reached skill level 15 in Ranged Weapons
  9463 | Lair:2   | Found a hole to the Spider Nest.
  9554 | Lair:2   | 9554 ||| INVOKING Heroism.
  9713 | Lair:2   | Reached XP level 13. HP: 82/82 MP: 20/20
  9838 | Lair:2   | 9838 ||| INVOKING Heroism.
 10307 | Lair:2   | 10307 ||| READING 6 scrolls of identify.
 10307 | Lair:2   | 10307 ||| IDENTIFYING gluggy blue potion
 10308 | Lair:2   | 10308 ||| DROPPING potion of attraction.
 10357 | Lair:3   | 10357 ||| INVOKING Heroism.
 10494 | Lair:3   | 10494 ||| Stepping ~*~*~tactically~*~*~ (water).
 10517 | Lair:3   | Reached skill level 16 in Ranged Weapons
 10580 | Lair:3   | 10580 ||| Stepping ~*~*~tactically~*~*~ (water).
 10954 | Lair:3   | 10954 ||| INVOKING Heroism.
 10972 | Lair:3   | 10972 ||| INVOKING Finesse.
 11149 | Lair:3   | 11149 ||| INVOKING Heroism.
 11167 | Lair:3   | Found a staircase to the Shoals.
 11526 | Lair:4   | 11526 ||| READING 2 scrolls of enchant weapon.
 11526 | Lair:4   | 11526 ||| ENCHANTING +2 orcbow.
 11527 | Lair:4   | 11527 ||| READING scroll of enchant weapon.
 11527 | Lair:4   | 11527 ||| ENCHANTING +3 orcbow.
 11557 | Lair:4   | 11557 ||| INVOKING Heroism.
 11559 | Lair:4   | Identified the +2 kite shield of Paiqid {Rampage rElec
                  | Regen+ Str-3} (Okawaru gifted it to you on level 4 of the
                  | Lair of Beasts)
 11559 | Lair:4   | Received a gift from Okawaru
 11723 | Lair:4   | 11723 ||| INVOKING Heroism.
 11778 | Lair:4   | 11778 ||| INVOKING Heroism.
 11902 | Lair:4   | Reached skill level 12 in Fighting
 11976 | Lair:4   | 11976 ||| INVOKING Heroism.
 12121 | Lair:4   | Gained mutation: Your large and strong wings let you fly.
                  | [Gargoyle growth]
 12121 | Lair:4   | Reached XP level 14. HP: 92/92 MP: 21/21
 12236 | Lair:4   | 12236 ||| DROPPING amulet of magic regeneration.
 12279 | Lair:5   | Entered Level 5 of the Lair of Beasts
 12280 | Lair:5   | 12280 ||| INVOKING Heroism.
 12327 | Lair:5   | Reached skill level 9 in Dodging
 12336 | Lair:5   | 12336 ||| STAIRDANCE
 12406 | Lair:5   | 12406 ||| INVOKING Heroism.
 12685 | Lair:5   | Found a staircase to the Slime Pits.
 12827 | Lair:5   | 12827 ||| INVOKING Heroism.
 13225 | Lair:5   | 13225 ||| INVOKING Heroism.
 13231 | Lair:5   | Reached skill level 6 in Armour
 13291 | Lair:5   | 13291 ||| FLEEEEING.
 13292 | Lair:5   | 13292 ||| FLEEEEING.
 13293 | Lair:5   | 13293 ||| FLEEEEING.
 13294 | Lair:5   | 13294 ||| FLEEEEING.
 13373 | Lair:5   | 13373 ||| INVOKING Heroism.
 13396 | Lair:5   | 13396 ||| INVOKING Finesse.
 13397 | Lair:5   | 13397 ||| INVOKING Finesse.
 13428 | Lair:5   | 13428 ||| INVOKING Finesse.
 13521 | Lair:5   | 13521 ||| INVOKING Heroism.
 13538 | Lair:5   | Found the +8 storm bow {elec, penet}
 13549 | Lair:5   | 13549 ||| SWAPPING to +8 storm bow {elec, penet}.
 13550 | Lair:5   | 13550 ||| DROPPING +4 orcbow.
 13563 | Lair:5   | Identified the ring of Faihipom {Fly rElec Int+3}
 13644 | Lair:5   | 13644 ||| INVOKING Heroism.
 13645 | Lair:5   | 13645 ||| INVOKING Finesse.
 13815 | Lair:5   | 13815 ||| PLANNING D:1-11
 13815 | Lair:5   | 13815 ||| DROPPING ring of Faihipom {Fly rElec Int+3}.
 14081 | D:11     | 14081 ||| Stepping ~*~*~tactically~*~*~ (outnumbered).
 14108 | D:11     | Identified the +4 chain mail of the Doldrums {rPois rN+
                  | Dex-3 Slay+3}
 14124 | D:11     | Found Wifaj's Armour Emporium.
 14132 | D:11     | 14132 ||| BUYING +0 pair of boots (45 gold).
 14132 | D:11     | Bought a +0 pair of boots for 45 gold pieces
 14132 | D:11     | 14132 ||| BUYING +0 robe "Buhaoloff" {Regen+ Str+4 Int+3
                  | Dex+3} (287 gold).
 14132 | D:11     | Bought the +0 robe "Buhaoloff" {Regen+ Str+4 Int+3 Dex+3}
                  | for 287 gold pieces
 14159 | D:11     | Identified the +7 war axe "Medomnop" {heavy, rPois Dex+3}
 14181 | D:11     | Noticed Erolcha
 14181 | D:11     | Noticed Fannar
 14182 | D:11     | 14182 ||| Stepping ~*~*~tactically~*~*~ (outnumbered).
 14183 | D:11     | 14183 ||| INVOKING Heroism.
 14187 | D:11     | Killed Fannar
 14189 | Abyss:1  | Cast into level 1 of the Abyss (Erolcha)
 14367 | Abyss:1  | Noticed a bone dragon
 14385 | Abyss:1  | 14385 ||| INVOKING Heroism.
 14393 | Abyss:1  | Killed a bone dragon
 14542 | Abyss:1  | Noticed a reaper
 14542 | Abyss:1  | Noticed a starcursed mass
 14544 | Abyss:1  | 14544 ||| Stepping ~*~*~tactically~*~*~ (outnumbered).
 14548 | Abyss:1  | 14548 ||| Stepping ~*~*~tactically~*~*~ (outnumbered).
 14550 | Abyss:1  | 14550 ||| INVOKING Heroism.
 14552 | Abyss:1  | Killed a reaper
 14559 | Abyss:1  | Reached skill level 17 in Ranged Weapons
 14565 | Abyss:1  | Reached XP level 15. HP: 36/100 MP: 4/22
 14635 | D:11     | Escaped the Abyss
 14636 | D:11     | 14636 ||| FLEEEEING.
 14637 | D:11     | 14637 ||| FLEEEEING.
 14642 | D:11     | 14642 ||| FLEEEEING.
 14644 | D:11     | 14644 ||| FLEEEEING.
 14645 | D:11     | 14645 ||| FLEEEEING.
 14652 | D:11     | 14652 ||| FLEEEEING.
 14653 | D:11     | 14653 ||| FLEEEEING.
 14654 | D:11     | 14654 ||| FLEEEEING.
 14656 | D:11     | Killed Erolcha
 14656 | D:11     | Identified the +2 plate armour "Xizxehach" {rPois rF-
                  | Dex+2} (Okawaru gifted it to you on level 11 of the
                  | Dungeon)
 14656 | D:11     | Received a gift from Okawaru
 14822 | D:11     | Noticed Josephine
 14828 | D:11     | Killed Josephine
 15201 | D:11     | 15201 ||| PLANNING D
 15201 | D:11     | 15201 ||| UPGRADING to +0 pair of boots.
 15206 | D:11     | 15206 ||| UPGRADING to +0 robe "Buhaoloff" {Regen+ Str+4
                  | Int+3 Dex+3}.
 15216 | D:11     | 15216 ||| DROPPING +0 troll leather armour.
 15511 | D:12     | 15511 ||| READING scroll of enchant armour.
 15511 | D:12     | 15511 ||| ENCHANTING +0 pair of gloves.
 15566 | D:12     | Found Moesoos's Weapon Emporium.
 15572 | D:12     | Reached skill level 18 in Ranged Weapons
 15600 | D:12     | 15600 ||| Stepping ~*~*~tactically~*~*~ (outnumbered).
 15603 | D:12     | 15603 ||| Stepping ~*~*~tactically~*~*~ (outnumbered).
 15605 | D:12     | 15605 ||| Stepping ~*~*~tactically~*~*~ (outnumbered).
 15672 | D:12     | Found a frozen archway.
 15996 | D:13     | 15996 ||| STAIRDANCE
 16010 | D:13     | 16010 ||| STAIRDANCE
 16012 | D:12     | 16012 ||| INVOKING Heroism.
 16885 | D:13     | Received a gift from Okawaru
 16918 | D:13     | 16918 ||| Stepping ~*~*~tactically~*~*~ (outnumbered).
 16928 | D:13     | Reached skill level 19 in Ranged Weapons
 16960 | D:13     | Found a gate to the Vaults.
 17033 | D:13     | 17033 ||| Stepping ~*~*~tactically~*~*~ (outnumbered).
 17096 | D:14     | 17096 ||| STAIRDANCE
 17101 | D:13     | 17101 ||| INVOKING Heroism.
 17345 | D:14     | Found an iron altar of Okawaru.
 17734 | D:14     | 17734 ||| DROPPING +6 ring of strength.
 17758 | D:15     | Entered Level 15 of the Dungeon
 17763 | D:15     | 17763 ||| INVOKING Heroism.
 17764 | D:15     | 17764 ||| Stepping ~*~*~tactically~*~*~ (outnumbered).
 17765 | D:15     | 17765 ||| INVOKING Finesse.
 17773 | D:15     | 17773 ||| Stepping ~*~*~tactically~*~*~ (outnumbered).
 17775 | Abyss:2  | Cast into level 2 of the Abyss (a wizard)
 17821 | Abyss:2  | Noticed a tentacled starspawn
 17824 | Abyss:2  | Killed a tentacled starspawn
 17831 | Abyss:2  | Found a corrupted altar of Lugonu.
 17867 | Abyss:2  | Noticed a tentacled starspawn
 17872 | Abyss:2  | Killed a tentacled starspawn
 17873 | Abyss:2  | Reached XP level 16. HP: 106/106 MP: 23/23
 17949 | Abyss:2  | Noticed a tentacled starspawn
 17957 | Abyss:2  | Killed a tentacled starspawn
 18028 | Abyss:2  | 18028 ||| Stepping ~*~*~tactically~*~*~ (outnumbered).
 18038 | Abyss:2  | 18038 ||| Stepping randomly (disturbance).
 18130 | Abyss:2  | Reached skill level 20 in Ranged Weapons
 18299 | Abyss:2  | 18299 ||| Stepping ~*~*~tactically~*~*~ (outnumbered).
 18344 | Abyss:2  | Noticed a hellephant
 18345 | Abyss:2  | 18345 ||| DRINKING 3 potions of resistance.
 18363 | Abyss:2  | 18363 ||| INVOKING Heroism.
 18368 | Abyss:2  | HP: 10/106 [large abomination (23)]
 18369 | Abyss:2  | 18369 ||| READING 6 scrolls of teleportation.
 18370 | Abyss:2  | 18370 ||| DRINKING 4 potions of heal wounds.
 18375 | Abyss:2  | Killed a hellephant
 18484 | Abyss:2  | Received a gift from Okawaru
 18492 | Abyss:2  | 18492 ||| DROPPING +0 longbow of flaming.
 18496 | Abyss:2  | Found a corrupted altar of Lugonu.
 18523 | Abyss:2  | 18523 ||| Stepping ~*~*~tactically~*~*~ (outnumbered).
 18533 | Abyss:2  | Found a corrupted altar of Lugonu.
 18570 | Abyss:2  | 18570 ||| INVOKING Heroism.
 18571 | Abyss:2  | 18571 ||| INVOKING Finesse.
 18606 | Abyss:2  | 18606 ||| Stepping ~*~*~tactically~*~*~ (outnumbered).
 18607 | Abyss:2  | 18607 ||| Stepping ~*~*~tactically~*~*~ (outnumbered).
 18677 | Abyss:2  | Noticed a tentacled starspawn
 18693 | D:15     | Escaped the Abyss
 18694 | D:15     | 18694 ||| INVOKING Heroism.
 18695 | D:15     | 18695 ||| INVOKING Finesse.
 18700 | D:15     | Received a gift from Okawaru
 18701 | D:15     | Reached skill level 15 in Fighting
 18799 | D:15     | 18799 ||| SWAPPING to +1 triple crossbow of flaming.
 18800 | D:15     | 18800 ||| DROPPING +8 storm bow {elec, penet}.
 18801 | D:15     | 18801 ||| READING scroll of enchant weapon.
 18801 | D:15     | 18801 ||| ENCHANTING +1 triple crossbow of flaming.
 18817 | D:15     | 18817 ||| INVOKING Heroism.
 18855 | D:15     | 18855 ||| READING scroll of enchant armour.
 18855 | D:15     | 18855 ||| ENCHANTING +1 pair of gloves.
 18984 | D:15     | 18984 ||| Stepping ~*~*~tactically~*~*~ (outnumbered).
 18986 | D:15     | 18986 ||| Stepping ~*~*~tactically~*~*~ (outnumbered).
 18992 | D:15     | 18992 ||| UPGRADING to scarf of resistance.
 19050 | D:15     | Found a staircase to the Depths.
 19153 | D:15     | Identified the +1 robe of Tender Moments {Will+}
 19242 | D:15     | 19242 ||| PLANNING ORC
 19348 | Orc:1    | Entered Level 1 of the Orcish Mines
 19574 | Orc:1    | 19574 ||| Stepping ~*~*~tactically~*~*~ (outnumbered).
 19576 | Orc:1    | 19576 ||| Stepping ~*~*~tactically~*~*~ (outnumbered).
 19578 | Orc:1    | 19578 ||| Stepping ~*~*~tactically~*~*~ (outnumbered).
 19580 | Orc:1    | 19580 ||| Stepping ~*~*~tactically~*~*~ (outnumbered).
 19582 | Orc:1    | 19582 ||| Stepping ~*~*~tactically~*~*~ (outnumbered).
 19584 | Orc:1    | 19584 ||| Stepping ~*~*~tactically~*~*~ (outnumbered).
 19586 | Orc:1    | 19586 ||| Stepping ~*~*~tactically~*~*~ (outnumbered).
 19588 | Orc:1    | 19588 ||| Stepping ~*~*~tactically~*~*~ (outnumbered).
 19590 | Orc:1    | 19590 ||| INVOKING Heroism.
 19634 | Orc:2    | Entered Level 2 of the Orcish Mines
 19816 | Orc:2    | Found Pumow's General Store.
 19817 | Orc:2    | 19817 ||| INVOKING Heroism.
 19861 | Orc:2    | Found Woazelud's General Store.
 19864 | Orc:2    | 19864 ||| INVOKING Heroism.
 19895 | Orc:2    | 19895 ||| BUYING potion of cancellation (112 gold).
 19895 | Orc:2    | Bought a potion of cancellation for 112 gold pieces
 19895 | Orc:2    | 19895 ||| BUYING potion of cancellation (112 gold).
 19895 | Orc:2    | Bought a potion of cancellation for 112 gold pieces
 19895 | Orc:2    | 19895 ||| BUYING potion of heal wounds (70 gold).
 19895 | Orc:2    | Bought a potion of heal wounds for 70 gold pieces
 19925 | Orc:2    | 19925 ||| INVOKING Heroism.
 19927 | Orc:2    | 19927 ||| Stepping ~*~*~tactically~*~*~ (outnumbered).
 19998 | Orc:2    | Found a staircase to the Elven Halls.
 20026 | Orc:1    | Found Dejya's Weapon Boutique.
 20291 | Orc:2    | 20291 ||| Stepping ~*~*~tactically~*~*~ (outnumbered).
 20294 | Orc:2    | 20294 ||| Stepping ~*~*~tactically~*~*~ (outnumbered).
 20296 | Orc:2    | 20296 ||| Stepping ~*~*~tactically~*~*~ (outnumbered).
 20298 | Orc:2    | 20298 ||| INVOKING Heroism.
 20311 | Orc:2    | 20311 ||| Stepping ~*~*~tactically~*~*~ (outnumbered).
 20323 | Orc:2    | 20323 ||| INVOKING Heroism.
 20327 | Orc:2    | Gained mutation: You have hidden genetic potential. [a
                  | neqoxec]
 20373 | Orc:2    | 20373 ||| INVOKING Heroism.
 20392 | Orc:2    | Reached XP level 17. HP: 112/112 MP: 20/24
 20421 | Orc:2    | Reached skill level 21 in Ranged Weapons
 20481 | Orc:2    | 20481 ||| Stepping ~*~*~tactically~*~*~ (outnumbered).
 20482 | Orc:2    | Paralysed by an orc sorcerer for 3 turns
 20499 | Orc:2    | Found Dalo's Antique Armour Shoppe.
 20499 | Orc:2    | Found Purengif's Jewellery Emporium.
 20500 | Orc:2    | Found a one-way gate leading to the halls of Pandemonium.
 20502 | Orc:2    | 20502 ||| BUYING shiny ring mail (133 gold).
 20502 | Orc:2    | Bought a shiny ring mail for 133 gold pieces
 20502 | Orc:2    | 20502 ||| BUYING smelly ring mail (171 gold).
 20502 | Orc:2    | Bought a smelly ring mail for 171 gold pieces
 20502 | Orc:2    | Identified the +1 ring mail "Kufimmilol" {rF+ Int-4 Dex+8}
                  | (You bought it in a shop on level 2 of the Orcish Mines)
 20504 | Orc:2    | 20504 ||| BUYING amulet of faith (520 gold).
 20504 | Orc:2    | Bought an amulet of faith for 520 gold pieces
 20504 | Orc:2    | 20504 ||| BUYING amulet of reflection (390 gold).
 20504 | Orc:2    | Bought an amulet of reflection for 390 gold pieces
 20504 | Orc:2    | 20504 ||| SHOPLISTING ring "Ebiras" {rF+ MP+9 Slay+4} (660
                  | gold, have 23).
 20620 | Orc:2    | 20620 ||| PLANNING SHOALS:1-3
 20620 | Orc:2    | 20620 ||| DROPPING +2 robe of resistance.
 20621 | Orc:2    | 20621 ||| DROPPING +0 robe of resistance.
 20622 | Orc:2    | 20622 ||| DROPPING +1 ring mail of fire resistance.
 20623 | Orc:2    | 20623 ||| UPGRADING to +1 ring mail "Kufimmilol" {rF+ Int-4
                  | Dex+8}.
 20633 | Orc:2    | 20633 ||| DROPPING +0 robe "Buhaoloff" {Regen+ Str+4 Int+3
                  | Dex+3}.
 20634 | Orc:2    | 20634 ||| UPGRADING to amulet of faith.
 20644 | Orc:2    | 20644 ||| DROPPING amulet "Itar" {Spirit rElec rPois
                  | Regen+}.
 20752 | Shoals:1 | Entered Level 1 of the Shoals
 21008 | Shoals:1 | 21008 ||| Stepping ~*~*~tactically~*~*~ (outnumbered).
 21046 | Shoals:1 | Reached ****** piety under Okawaru
 21050 | Shoals:1 | Received a gift from Okawaru
 21317 | Shoals:1 | 21317 ||| INVOKING Heroism.
 21318 | Shoals:1 | 21318 ||| INVOKING Finesse.
 21392 | Shoals:1 | Reached skill level 9 in Armour
 21628 | Shoals:1 | 21628 ||| DROPPING +1 pair of gloves of stealth.
 21629 | Shoals:1 | 21629 ||| READING scroll labelled ICE ELOTEIKLU.
 21757 | Shoals:2 | 21757 ||| INVOKING Heroism.
 21758 | Shoals:2 | 21758 ||| INVOKING Finesse.
 22124 | Shoals:2 | 22124 ||| Stepping ~*~*~tactically~*~*~ (outnumbered).
 22127 | Shoals:2 | Noticed Ilsuiw
 22128 | Shoals:2 | 22128 ||| INVOKING Heroism.
 22129 | Shoals:2 | 22129 ||| INVOKING Finesse.
 22145 | Shoals:2 | Killed Ilsuiw
 22152 | Shoals:2 | 22152 ||| Stepping ~*~*~tactically~*~*~ (outnumbered).
 22153 | Shoals:2 | 22153 ||| Stepping ~*~*~tactically~*~*~ (outnumbered).
 22158 | Shoals:2 | Reached skill level 22 in Ranged Weapons
 22222 | Shoals:2 | 22222 ||| INVOKING Heroism.
 22371 | Shoals:2 | Found Zonioxtuydd's Book Shoppe.
 22619 | Shoals:2 | 22619 ||| INVOKING Heroism.
 22713 | Shoals:2 | 22713 ||| INVOKING Heroism.
 22885 | Shoals:2 | 22885 ||| READING scroll labelled MODOIR MY CIBU.
 22912 | Shoals:3 | 22912 ||| INVOKING Heroism.
 22913 | Shoals:3 | 22913 ||| INVOKING Finesse.
 22931 | Shoals:3 | Gained mutation: Your flesh is cold resistant. (rC+)
                  | [hidden potential]
 22987 | Shoals:3 | 22987 ||| READING scroll of enchant armour.
 22987 | Shoals:3 | 22987 ||| ENCHANTING +0 pair of boots.
 23024 | Shoals:3 | 23024 ||| FLEEEEING.
 23232 | Shoals:3 | 23232 ||| INVOKING Heroism.
 23246 | Shoals:3 | 23246 ||| READING scroll of brand weapon.
 23246 | Shoals:3 | 23246 ||| BRANDING +2 triple crossbow of flaming.
 23374 | Shoals:3 | 23374 ||| INVOKING Heroism.
 23597 | Shoals:3 | 23597 ||| INVOKING Heroism.
 23627 | Shoals:3 | 23627 ||| INVOKING Finesse.
 23737 | Shoals:3 | 23737 ||| PLANNING SPIDER:1-3
 23737 | Shoals:3 | 23737 ||| DROPPING +1 helmet.
 23738 | Shoals:3 | 23738 ||| DROPPING ring of wizardry.
 23868 | Spider:1 | Entered Level 1 of the Spider Nest
 23918 | Spider:1 | 23918 ||| INVOKING Finesse.
 23936 | Spider:1 | 23936 ||| INVOKING Heroism.
 23937 | Spider:1 | 23937 ||| DRINKING 6 potions of cancellation.
 23980 | Spider:1 | Received a gift from Okawaru
 23981 | Spider:1 | Reached XP level 18. HP: 100/120 MP: 25/25
 24030 | Spider:1 | 24030 ||| DROPPING +1 heavy triple crossbow.
 24034 | Spider:1 | Noticed Asterion
 24035 | Spider:1 | 24035 ||| INVOKING Heroism.
 24036 | Spider:1 | 24036 ||| INVOKING Finesse.
 24050 | Spider:1 | Killed Asterion
 24308 | Spider:1 | 24308 ||| INVOKING Heroism.
 24370 | Spider:1 | 24370 ||| INVOKING Heroism.
 24373 | Spider:1 | 24373 ||| Stepping ~*~*~tactically~*~*~ (outnumbered).
 24381 | Spider:1 | Blown up by an orb spider

Levels and vault maps discovered:
D:1:      lemuel_arrival_broad_hall, layout_rooms, serial_bayou_pond_b
D:2:      layout_basic, hellmonk_ecumenical_altar_lost_god
D:3:      layout_basic, mainiacjoe_overflow_boulevard,
          hellmonk_ghost_happy_afterlife
D:4:      layout_rooms
D:5:      layout_basic, lemuel_zombie_altar_yredelemnul,
          nicolae_hepliaklqana_hazy_memory, jmf_multi_god_temple,
          nicolae_shop_unique_rings, guppyfry_shop_venom, uniq_pikel,
          uniq_sigmund, uniq_eustachio, uniq_ijyb, uniq_duvessa
D:6:      layout_cave_pools, minmay_temple_entry_trees,
          gammafunk_ghost_abyssal_escape, uniq_grinder
D:7:      layout_cave_pods
D:8:      layout_rooms, lemuel_doored_altar, mainiacjoe_overflow_alcove_3,
          serial_shops, shop, the_hattery, uniq_psyche
D:9:      layout_basic, eat_drink_and_be_merry_uskayaw, uniq_joseph
D:10:     nicolae_hexawheel, layout_basic, due_lair_maze_entry_diamond,
          orc_0_dummy, special_room [special_room_bee],
          kennysheep_cluttered_room, hex_intersection
D:11:     layout_gridville, serial_shops, shop, uniq_fannar, uniq_erolcha,
          uniq_josephine
D:12:     layout_small_grid, serial_shops, shop,
          portal_ice_cave_entry_ice_simulacra
D:13:     layout_stronghold, skrybe_vaults_entry_preservation
D:14:     layout_small_grid, okawaru_gym_becter
D:15:     hangedman_depths_entry_civil_slaughter, layout_rooms,
          nicolae_kite_square_tiling_tiny, nrook_guardian_serpent_double
Temple:   chequers_temple_sunken
Lair:1:   lemuel_slime, layout_gridlike, ebering_ghost_rock_garden,
          pdpol_lair_cavern_descent, grunt_megastairs_1, lemuel_fruit_tree,
          uniq_nergalle
Lair:2:   layout_concentric_octagons, nicolae_spider_entry_non_spiders,
          lemuel_fruit_fields
Lair:3:   layout_regular_city, elwin_shoals_entry_rocks, wad_woods_06,
          serial_bayou_shore_b, serial_bayou_shore_b, infiniplex_staircase_pool
Lair:4:   layout_loops_ring
Lair:5:   grunt_lair_end_beastmaster, layout_hall_layers,
          nicolae_slime_entry_field_trip
Shoals:1: layout_shoals, nicolae_shoals_lost_giant_amphitheater,
          hangedman_shoals_cup_caves
Shoals:2: nicolae_shoals_aurelia_aurita, layout_shoals, serial_shops,
          nicolae_shop_gibbet_a_chance, nicolae_shoals_lost_giant_temple,
          nicolae_shoals_beach_house_on_fowls_legs, uniq_ilsuiw
Shoals:3: argonaut_golden_fleece, layout_shoals
Spider:1: layout_spider_delve, uniq_asterion
Orc:1:    layout_caves, serial_shops, shop_fountains
Orc:2:    pf_orc_diabolical, layout_caves, basic_altar

Skill      XL: |  1  2  3  4  5  6  7  8  9 10 11 12 13 14 15 16 17 |
---------------+----------------------------------------------------+-----
Ranged Weapons | 3 4 5 6 7 10 11 12 14 15 16 17 19 20 22 | 22.0
Fighting       | 2 3 4 5 7 8 9 10 12 14 15 16 | 16.3
Armour         | 1 2 4 5 6 10 | 10.0
Dodging        | 2 3 5 6 8 9 10 11 | 11.7
Invocations    | 4 6 10 | 10.0
Spellcasting   | |  1.0
Hexes          | |  2.6

Action                     |  1- 3 |  4- 6 |  7- 9 | 10-12 | 13-15 | 16-18 || total
---------------------------+-------+-------+-------+-------+-------+-------++-------
   Fire: Sling             |   105 |   210 |   104 |       |       |       ||   419
         Orcbow            |       |       |   218 |   883 |   796 |       ||  1897
         Longbow           |       |       |       |       |   443 |   227 ||   670
         Triple crossbow   |       |       |       |       |       |   633 ||   633
 Invoke: Heroism           |       |       |     3 |    18 |    21 |    25 ||    67
         Finesse           |       |       |       |     1 |     5 |     9 ||    15
    Use: Scroll            |     5 |    11 |       |    11 |     4 |     7 ||    38
         Potion            |     1 |     1 |     5 |     3 |       |     3 ||    13
 Armour: Robe              |    13 |       |    64 |   146 |    39 |    53 ||   315
         Ring mail         |    10 |   132 |    89 |       |       |    78 ||   309
         Troll leather arm |       |       |       |    37 |   210 |       ||   247
  Dodge: Dodged            |    41 |   138 |   137 |   305 |   725 |   456 ||  1802

Table legend:
 A = Non-vault XP
 B = Vault XP
 C = Vault XP percentage of total XP
 D = Non-vault monster count
 E = Vault monster count
 F = Vault count percentage of total count
                 A         B        C        D         E       F
            +---------+---------+-------+---------+---------+-------
      Total |  177147 |   78984 |  30.8 |     689 |     252 |  26.8
            +---------+---------+-------+---------+---------+-------
        D:1 |      42 |      19 |  31.1 |      23 |       4 |  14.8
        D:2 |      35 |       0 |   0.0 |      15 |       0 |   0.0
        D:3 |     123 |       0 |   0.0 |      18 |       0 |   0.0
        D:4 |     266 |       0 |   0.0 |      15 |       0 |   0.0
        D:5 |     656 |    1511 |  69.7 |      19 |      12 |  38.7
        D:6 |     795 |     290 |  26.7 |      20 |       1 |   4.8
        D:7 |    1527 |       0 |   0.0 |      13 |       0 |   0.0
        D:8 |    2058 |     551 |  21.1 |      44 |       2 |   4.3
        D:9 |    1468 |     439 |  23.0 |      28 |       1 |   3.4
       D:10 |    4383 |    7599 |  63.4 |      32 |      44 |  57.9
       D:11 |    3336 |    3687 |  52.5 |      25 |       8 |  24.2
       D:12 |    8223 |     329 |   3.8 |      26 |       8 |  23.5
       D:13 |    8031 |    6172 |  43.5 |      18 |       9 |  33.3
       D:14 |    8339 |       0 |   0.0 |      14 |       0 |   0.0
       D:15 |    7375 |    5414 |  42.3 |      16 |       8 |  33.3
     Lair:1 |    1742 |    5685 |  76.5 |       9 |      33 |  78.6
     Lair:2 |    6008 |     350 |   5.5 |      30 |       8 |  21.1
     Lair:3 |   10682 |     680 |   6.0 |      29 |       3 |   9.4
     Lair:4 |    7702 |       0 |   0.0 |      26 |       0 |   0.0
     Lair:5 |   11505 |   10709 |  48.2 |      36 |      28 |  43.8
   Shoals:1 |   10598 |    7730 |  42.2 |      20 |      12 |  37.5
   Shoals:2 |   18542 |    4754 |  20.4 |      34 |       6 |  15.0
   Shoals:3 |    8484 |    1696 |  16.7 |      16 |       2 |  11.1
   Spider:1 |   14884 |    1666 |  10.1 |      36 |       1 |   2.7
      Orc:1 |    1661 |       0 |   0.0 |      29 |       0 |   0.0
      Orc:2 |    3023 |   15527 |  83.7 |      29 |      58 |  66.7
    Abyss:1 |   10221 |       0 |   0.0 |      22 |       0 |   0.0
    Abyss:2 |   25438 |    4176 |  14.1 |      47 |       4 |   7.8
            +---------+---------+-------+---------+---------+-------
